Map: Incorporeal LE

Players

FalconsSolar (Solar)

  • Race: Zerg Zerg
  • Spawn Location: 11:00

Krystianer - Winner!

  • Race: Protoss Protoss
  • League: Master
  • Spawn Location: 5:00

VOD

Have the link to the VOD?

Description

Time

  • Played on: Nov. 9, 2025, 6:33 a.m.
  • Length: 13:42
Show
View Real Time Build Order
Export as new Build Order

FalconsSolar Zerg 

Build Orders: Hatch First, Swarm Host 

Get SALT Encoding   

  12  0:00  Drone  
  13  0:08  Drone  
  14  0:16  Extractor, Drone  
  15  0:21  Overlord  
  15  0:40  Drone  
  16  0:45  Hatchery  
  16  0:49  Drone  
  16  0:53  Drone  
  16  0:56  Drone  
  18  1:07  Extractor  
  17  1:11  Spawning Pool  
  17  1:14  Drone  
  17  1:18  Drone  
  18  1:26  Drone  
  19  1:37  Drone  
  20  1:48  Drone  
  21  1:58  Queen x2  
  21  1:59  Zergling x2  
  21  2:00  Overlord  
  26  2:09  Drone x2  
  26  2:11  Metabolic Boost  
  28  2:19  Zergling x2  
  28  2:20  Drone  
  30  2:34  Queen  
  32  2:39  Hatchery  
  32  2:42  Drone  
  32  2:45  Overlord  
  32  2:49  Drone  
  32  2:50  Zergling x2  
  34  2:52  Drone  
  34  2:55  Zergling x2  
  36  3:06  Drone x4  
  36  3:09  Overlord  
  40  3:16  Drone x3  
  40  3:17  Drone  
  44  3:22  Spore Crawler  
  44  3:25  Drone x2  
  43  3:30  Spore Crawler  
  43  3:34  Queen  
  42  3:36  Drone  
  46  3:41  Drone x2  
  46  3:43  Drone  
  46  3:46  Drone x3  
  51  3:49  Overlord  
  51  3:51  Drone  
  51  3:53  Drone  
  53  3:59  Drone x2  
  53  4:00  Spore Crawler  
  53  4:02  Drone  
  53  4:11  Drone  
  53  4:14  Queen  
  55  4:19  Drone  
  55  4:20  Drone x5  
  60  4:24  Drone  
  60  4:28  Roach Warren  
  60  4:29  Overlord  
  60  4:30  Drone  
  61  4:33  Lair  
  61  4:35  Drone  
  62  4:40  Extractor, Drone x2  
  63  4:45  Drone  
  63  4:46  Drone  
  63  4:52  Extractor, Drone x3  
  67  4:53  Drone  
  67  4:55  Extractor  
  67  4:56  Drone x3  
  67  4:57  Extractor  
  67  4:59  Zergling x6  
  71  5:04  Hatchery  
  71  5:05  Zergling x4  
  72  5:11  Overlord  
  71  5:17  Queen  
  73  5:23  Overlord  
  73  5:26  Overlord  
  73  5:28  Overlord  
  73  5:30  Drone  
  73  5:31  Drone x7  
  73  5:33  Glial Reconstitution  
  81  5:35  Overlord  
  81  5:41  Overlord  
  81  5:47  Roach x2  
  83  5:50  Roach  
  83  5:51  Roach, Evolution Chamber  
  83  5:52  Extractor, Roach x3  
  83  5:54  Roach  
  83  5:56  Roach  
  89  5:58  Roach  
  89  6:01  Drone x2  
  89  6:06  Roach  
  89  6:07  Roach x2  
  89  6:09  Drone  
  94  6:14  Drone  
  94  6:15  Drone  
  94  6:17  Spore Crawler  
  94  6:21  Queen  
  94  6:23  Zerg Missile Weapons Level 1  
  94  6:24  Drone  
  95  6:25  Drone  
  95  6:28  Drone  
  95  6:30  Drone x2  
  97  6:38  Drone x3  
  100  6:40  Overlord  
  100  6:43  Infestation Pit  
  100  6:45  Drone x4  
  103  6:47  Queen  
  105  6:54  Zergling x2  
  105  6:55  Zergling x6  
  105  6:59  Overlord  
  109  7:02  Overlord  
  109  7:04  Overseer  
  109  7:08  Overlord  
  109  7:10  Drone  
  110  7:17  Overlord  
  110  7:20  Roach x6  
  121  7:25  Swarm Host x4  
  121  7:28  Extractor  
  132  7:30  Swarm Host  
  132  7:32  Swarm Host x2  
  132  7:35  Overlord x2  
  132  7:36  Overlord  
  141  7:37  Swarm Host  
  141  7:39  Swarm Host, Nydus Network  
  141  7:41  Swarm Host  
  148  7:52  Swarm Host  
  148  7:54  Drone  
  148  7:55  Drone x3  
  148  7:56  Overlord  
  148  7:57  Swarm Host x2  
  161  8:02  Zergling x2  
  161  8:03  Zergling x10  
  165  8:09  Roach x2  
  165  8:10  Roach x3  
  173  8:16  Ravager x2  
  173  8:18  Nydus Canal  
  173  8:20  Ravager  
  173  8:21  Overlord x2  
  173  8:22  Overlord  
  173  8:25  Ravager  
  173  8:26  Queen  
  175  8:29  Spore Crawler  
  175  8:30  Roach x3  
  175  8:32  Overlord  
  182  8:36  Nydus Canal  
  182  8:42  Zerg Missile Weapons Level 2  
  182  8:46  Roach x5  
  192  8:49  Roach x2  
  192  8:51  Nydus Canal  
  192  8:55  Roach x2  
  197  9:05  Roach  
  197  9:07  Ravager  
  200  9:14  Nydus Canal  
  200  9:18  Hydralisk Den  
  200  9:19  Zergling x2  
  200  9:28  Hive  
  200  9:30  Extractor, Zergling x2  
  199  9:34  Nydus Canal  
  200  9:38  Zergling x2  
  200  9:45  Spine Crawler  
  199  9:49  Zergling x2  
  200  9:55  Grooved Spines  
  200  9:57  Lurker Den  
  199  10:04  Nydus Canal  
  199  10:07  Drone  
  199  10:18  Hydralisk  
  198  10:29  Nydus Canal  
  198  10:41  Roach x2  
  199  10:48  Hydralisk  
  199  10:50  Hydralisk  
  199  10:51  Zergling x2  
  199  10:53  Muscular Augments  
  199  10:55  Hydralisk x2  
  199  10:58  Hydralisk x3  
  199  11:01  Hydralisk x2  
  199  11:02  Hydralisk x2  
  200  11:05  Overlord x2  
  200  11:06  Roach x5  
  200  11:09  Ravager  
  200  11:12  Roach  
  200  11:16  Roach x6  
  196  11:22  Roach x6  
  189  11:25  Roach  
  189  11:26  Roach x5  
  199  11:32  Roach  
  199  11:35  Roach x2  
  199  11:36  Queen x2  
  187  11:40  Roach  
  187  11:42  Roach x6  
  187  11:43  Roach  
  174  11:47  Roach x2  
  174  11:51  Roach  
  174  11:54  Roach, Queen  
  158  11:59  Hydralisk x2  
  129  12:05  Hydralisk x3  
  122  12:09  Ravager x4  
  122  12:14  Ravager x4  
  122  12:15  Ravager x5  
  126  12:16  Roach  
  118  12:26  Roach  
  118  12:29  Roach  
  106  12:31  Roach  
  106  12:36  Roach  
  90  12:41  Roach  
  67  12:44  Roach  
  60  12:54  Roach  
  55  13:01  Ravager x3  
  55  13:04  Roach  
  60  13:07  Roach  
  60  13:12  Roach  
  60  13:20  Roach  
  60  13:22  Roach  
Show
View Real Time Build Order
Export as new Build Order

Krystianer Protoss - Winner!

Build Orders: 1 Gate Expand, Oracle Opening, Archon Immortal, Archon Drop 

Get SALT Encoding   

  12  0:00  Probe  
  13  0:12  Probe  
  14  0:17  Pylon  
  14  0:23  Probe  
  15  0:31  Probe  
  16  0:38  Gateway  
  16  0:39  Probe  
  16  0:46  Assimilator  
  17  0:51  Probe  
  18  1:03  Probe  
  19  1:15  Probe  
  20  1:23  Nexus  
  20  1:33  Cybernetics Core  
  20  1:36  Probe  
  21  1:41  Assimilator  
  21  1:48  Probe  
  21  1:51  Pylon  
  22  1:59  Adept  
  22  2:00  Probe  
  23  2:12  Probe  
  26  2:18  Stargate  
  26  2:20  Adept  
  26  2:24  Probe  
  29  2:31  Probe  
  29  2:33  Warp Gate  
  29  2:37  Probe  
  31  2:39  Probe  
  32  2:49  Probe x2, Adept  
  35  2:54  Oracle  
  36  3:01  Probe x2  
  41  3:11  Pylon  
  41  3:13  Probe  
  41  3:14  Probe  
  43  3:25  Probe  
  43  3:26  Probe  
  41  3:34  Assimilator, Gateway  
  41  3:35  Probe  
  41  3:36  Assimilator  
  41  3:37  Robotics Facility, Probe  
  43  3:42  Twilight Council  
  43  3:43  Probe  
  44  3:49  Probe  
  44  3:52  Probe  
  46  4:01  Probe  
  46  4:02  Shield Battery  
  47  4:04  Probe  
  47  4:09  Pylon, Gateway  
  48  4:10  Gateway  
  48  4:13  Probe  
  48  4:16  Warp Prism  
  49  4:26  Templar Archives  
  49  4:30  Adept x2  
  55  4:37  Pylon  
  55  4:45  Nexus  
  55  4:48  Probe x2  
  57  4:53  Pylon  
  57  5:00  Probe x2  
  57  5:12  Probe x2  
  57  5:13  High Templar x3  
  65  5:14  Forge  
  65  5:15  High Templar, Immortal  
  65  5:17  Archon  
  65  5:20  Archon  
  67  5:24  Probe x2  
  67  5:26  Shield Battery  
  71  5:36  Probe  
  73  5:44  Immortal  
  73  5:45  Zealot x3  
  73  5:47  Zealot  
  84  5:57  Probe x3  
  85  6:09  Probe x3  
  88  6:18  Sentry x2  
  90  6:19  Pylon, Charge  
  90  6:20  Assimilator  
  90  6:21  Pylon, Probe x3  
  90  6:24  Assimilator  
  90  6:25  Immortal  
  91  6:32  Protoss Ground Weapons Level 1  
  91  6:33  Probe x2  
  91  6:37  Probe  
  91  6:39  Gateway  
  98  6:40  Gateway  
  98  6:45  Probe x2  
  100  6:48  Robotics Facility  
  100  6:50  Pylon, Photon Cannon  
  100  6:51  Immortal  
  100  7:01  Pylon  
  100  7:05  Zealot x2  
  100  7:06  Gateway  
  100  7:07  Gateway  
  108  7:12  Pylon, High Templar x2  
  108  7:13  Psionic Storm  
  112  7:19  Archon  
  112  7:24  Immortal, Photon Cannon, Probe  
  113  7:33  Zealot x2  
  121  7:37  Immortal  
  121  7:41  High Templar  
  121  7:42  Pylon, Probe  
  121  7:44  Pylon  
  128  7:55  Pylon  
  128  7:58  Probe x2, Immortal  
  129  7:59  Probe  
  129  8:02  Zealot  
  129  8:03  Zealot  
  129  8:04  Zealot x2  
  139  8:09  Zealot  
  139  8:10  Probe  
  139  8:12  High Templar x2  
  140  8:23  Zealot x2, High Templar  
  140  8:26  Zealot  
  140  8:27  Zealot  
  146  8:29  Immortal  
  150  8:36  Zealot  
  150  8:38  Probe  
  153  8:51  Pylon  
  153  8:52  Pylon  
  153  8:53  Zealot x2  
  153  8:54  Zealot x2, Pylon  
  145  9:03  Nexus  
  145  9:15  High Templar x4  
  153  9:25  Immortal  
  153  9:27  Pylon  
  153  9:28  Pylon  
  157  9:39  Immortal  
  157  9:41  Pylon  
  158  9:49  Pylon  
  158  9:51  Pylon  
  158  9:52  Pylon  
  151  9:55  Immortal  
  151  9:56  High Templar x2  
  155  10:00  Archon  
  155  10:02  Zealot x3  
  157  10:25  Immortal  
  157  10:28  Zealot x5  
  157  10:31  Immortal  
  167  10:49  Zealot x4  
  174  10:54  Immortal  
  141  11:10  Zealot x4, Immortal  
  129  11:32  Immortal  
  123  11:42  Zealot x4  
  123  11:43  Immortal  
  111  12:03  Immortal  
  111  12:07  Zealot x4  
  123  12:19  Immortal  
  107  12:34  Zealot x4, Immortal  
  103  12:43  Probe  
  98  12:47  Probe  
  85  12:58  Zealot x4  
  99  13:26  Zealot x3  
  103  13:30  Sentry  
Tags
 
Add a new tag
Caveats
  • Supply blocks, unpowered buildings, or Contaminate may cause inaccurate times.
  • Supply counts are checked every 10 seconds.